 Dungeon Crawl Stone Soup version 0.21.1-1-g345015f (webtiles) character file.

3800 shakethe the Arsonist (level 10, -5/56 HPs)
             Began as a Gargoyle Fire Elementalist on Feb 6, 2018.
             Was a Follower of Vehumet.
             Slain by an orc knight
             ... wielding a +0 trident
              (23 damage)
             ... in a bailey.
             The game lasted 00:56:35 (11939 turns).

shakethe the Arsonist (Gargoyle Fire Elementalist) Turns: 11939, Time: 00:56:37

Health: -5/56      AC: 12    Str: 11    XL:     10   Next: 17%
Magic:  12/18      EV: 13    Int: 20    God:    Vehumet [*.....]
Gold:   374        SH:  0    Dex: 10    Spells: 7/20 levels left

rFire    + . .     SeeInvis .   C - +0 whip (venom)
rCold    + . .     Gourm    .   (no shield)
rNeg     + . .     Faith    .   a - +0 robe
rPois    ∞         Spirit   .   A - +0 helmet
rElec    +         Reflect  .   r - scarf {rC+ rF+}
rCorr    .         Harm     .   t - +1 pair of gloves
MR       .....                  (no boots)
Stlth    ++........             j - amulet of regeneration
HPRegen  0.58/turn              (no ring)
MPRegen  0.16/turn              (no ring)

@: no status effects
A: negative energy resistance 1, electricity resistance, unbreathing,
petrification resistance, rot immunity, AC +7
a: Renounce Religion


You were in a bailey.
You worshipped Vehumet.
Vehumet was aware of your devotion.
You were not hungry.

You visited 2 branches of the dungeon, and saw 9 of its levels.
You also visited: Sewer and Bailey.

You collected 374 gold pieces.

Inventory:

Hand Weapons
 k - a +0 club
 C - a +0 whip of venom (weapon)
Armour
 a - a +0 robe (worn)
 r - a scarf of resistance (worn)
 t - a +1 pair of gloves (worn)
 A - a +0 helmet (worn)
Jewellery
 j - an amulet of regeneration (around neck)
Wands
 f - a wand of digging (8)
 D - a wand of polymorph (15)
 E - a wand of scattershot (5)
Scrolls
 e - a scroll of enchant armour
 g - 4 scrolls of teleportation
 p - 3 scrolls of amnesia {unknown}
 u - 2 scrolls of fog {unknown}
 y - 2 scrolls of blinking {unknown}
 B - a scroll of acquirement {unknown}
 G - 3 scrolls of remove curse
Potions
 h - 6 potions of brilliance
 l - 5 potions of heal wounds
 m - 3 potions of haste
 n - a potion of degeneration {unknown}
 o - 3 potions of agility
 q - 5 potions of resistance
 s - 4 potions of flight
 v - 4 potions of curing
 w - 2 potions of mutation {unknown}
 x - 2 potions of might {unknown}
 z - 2 potions of invisibility {unknown}
 F - a potion of ambrosia {unknown}
Books
 b - a book of Flames

   Spells                             Type                      Level
   a - Flame Tongue                   Conjuration/Fire             1
   b - Throw Flame                    Conjuration/Fire             2
   c - Conjure Flame                  Conjuration/Fire             3
   d - Inner Flame                    Hexes/Fire                   3
   e - Sticky Flame                   Conjuration/Fire             4
   f - Fireball                       Conjuration/Fire             5
 H - a book of Cantrips

   Spells                             Type                      Level
   a - Confusing Touch                Hexes                        1
   b - Animate Skeleton               Necromancy                   1
   c - Summon Small Mammal            Summoning                    1
   d - Apportation                    Translocation                1
Comestibles
 c - 2 rations


   Skills:
 + Level 4.0 Fighting
 + Level 3.8 Maces & Flails
 + Level 4.3 Armour
 + Level 3.7 Dodging
 - Level 2.1 Stealth
 + Level 5.8 Spellcasting
 + Level 6.4 Conjurations
 + Level 8.8 Fire Magic


You had 7 spell levels left.
You knew the following spells:

 Your Spells              Type           Power        Failure   Level  Hunger
a - Flame Tongue          Conj/Fire      #####        1%          1    None
b - Conjure Flame         Conj/Fire      #####...     1%          3    ##.....
c - Sticky Flame          Conj/Fire      #####...     4%          4    ####...
d - Fireball              Conj/Fire      #####.....   12%         5    #####..


Dungeon Overview and Level Annotations

Branches:
Dungeon (8/15)             Temple (1/1) D:6
   Lair: D:8-11

Altars:
Ashenzari
Cheibriados
Dithmenos
Elyvilon
Fedhas
Gozag
Hepliaklqana
Kikubaaqudgha
Makhleb
Nemelex Xobeh
Okawaru
Qazlal
Ru
Sif Muna
Trog
Uskayaw
Vehumet
Wu Jian
Xom
Yredelemnul
Zin
The Shining One

Shops:
D:7 (


Innate Abilities, Weirdness & Mutations

You are resistant to torment.
Your stone body is resilient. (AC +7)
You are immune to poison.
You resist negative energy. (rN+)
You are resistant to electric shocks. (rElec)
You can survive without breathing.
You are immune to petrification.
You are immune to rotting.


Message History

The orc knight roars a battlecry!
The orc knight goes into a battle-frenzy!
The orc knight no longer looks unusually strong.
The orc knight roars a battlecry!
The orc knight goes into a battle-frenzy!
The orc knight no longer looks unusually strong.
The orc knight roars a battlecry!
The orc knight roars a battlecry!
The orc knight no longer looks unusually strong.
The orc knight no longer looks unusually strong.
The orc knight roars a battlecry!
The orc knights go into a battle-frenzy!
The orc knight hits you but does no damage.
The orc knight complains loudly.
The orc knight hits you from afar with a trident!
The orc knight barely misses you. The orc knight completely misses you.
The orc knight hits you from afar with a trident!!
The orc knight hits you from afar with a trident!!
You die...

########### ##.........##
##..≈≈≈≈≈≈≈..##
##..≈≈...).≈≈..##
####..≈≈..###..≈≈..##########
.....≈≈..## ##).≈≈..........#
≈≈≈≈≈≈..##.∩.##..≈≈≈≈≈≈≈≈≈≈.#
.......##.....##@.....))..≈.#
###########+###'#########.≈.#
§§o ##.≈.# # ≈§§≈§ ##..≈.# ##
...oo§≈ ##..≈≈.# .# .⌠∩⌠.o≈
#..≈≈.∩# .# ..⌠...≈
#+#..≈≈.## ## .....≈≈
+#.##..≈≈.# # #...##))≈.#


You could see 2 orc knights.

Vanquished Creatures
  A hippogriff (D:7)
  The ghost of Agrougrou the Shield-Bearer, an amateur FoFi (D:3)
  2 orc warriors
  3 ogres
  5 sky beasts
  A centaur (D:6)
  3 big kobolds
  A wyvern skeleton (D:6)
  2 scorpions
  5 killer bees (D:8)
  4 howler monkeys
  7 wights
  A bullfrog zombie (D:5)
  2 jellies
  2 gnoll shamans (D:6)
  4 hounds
  7 orc priests
  A centaur skeleton (D:6)
  3 iguanas
  Ijyb (D:4)
  9 orc wizards
  A hound zombie (D:5)
  A hound skeleton (D:7)
  16 gnolls
  8 river rats (Sewer)
  13 adders
  2 shadow imps
  2 oozes (Sewer)
  2 adder skeletons
  An adder zombie (D:6)
  2 worms
  3 dart slugs
  9 leopard geckos
  39 orcs
  6 bats
  8 giant cockroaches
  6 goblins
  12 hobgoblins
  9 jackals
  A quokka (D:8)
  3 ball pythons
  7 frilled lizards
  A jackal skeleton (D:4)
  33 kobolds
  24 rats
274 creatures vanquished.

Vanquished Creatures (others)
  An orc wizard (D:4)
1 creature vanquished.

Grand Total: 275 creatures vanquished

Notes
Turn   | Place    | Note
-------+----------+-------------------------------------------
     0 | D:1      | shakethe the Gargoyle Fire Elementalist began the quest for the Orb.
     0 | D:1      | Reached XP level 1. HP: 10/10 MP: 3/3
   299 | D:1      | Reached XP level 2. HP: 15/15 MP: 1/5
   726 | D:1      | Reached XP level 3. HP: 14/19 MP: 0/6
  1548 | D:2      | Reached skill level 4 in Fire Magic
  1561 | D:2      | Reached XP level 4. HP: 18/24 MP: 3/7
  2071 | D:3      | Found a glowing golden altar of the Shining One.
  2259 | D:3      | Reached XP level 5. HP: 28/28 MP: 3/9
  2380 | D:3      | Learned a level 3 spell: Conjure Flame
  2385 | D:3      | Learned a level 4 spell: Sticky Flame
  2466 | D:3      | Noticed a big kobold
  2502 | D:3      | Killed a big kobold
  2502 | D:3      | Reached skill level 5 in Fire Magic
  2630 | D:3      | Noticed Agrougrou's ghost (amateur FoFi)
  2890 | D:3      | Reached XP level 6. HP: 32/32 MP: 8/10
  3871 | D:4      | Noticed Ijyb
  3881 | D:4      | Killed Ijyb
  4068 | D:4      | Reached XP level 7. HP: 31/36 MP: 2/12
  4084 | D:4      | Reached skill level 6 in Fire Magic
  4230 | D:4      | Found a glowing drain.
  4396 | Sewer    | Entered a sewer
  5004 | Sewer    | Reached XP level 8. HP: 41/41 MP: 6/14
  5891 | D:4      | Reached skill level 7 in Fire Magic
  6209 | D:4      | Reached skill level 1 in Fighting
  6209 | D:4      | Reached skill level 1 in Maces & Flails
  6209 | D:4      | Reached skill level 1 in Armour
  6209 | D:4      | Reached skill level 5 in Conjurations
  6246 | D:5      | Entered Level 5 of the Dungeon
  7260 | D:5      | Found a bloodstained altar of Trog.
  7619 | D:6      | Reached XP level 9. HP: 48/48 MP: 3/16
  7808 | D:6      | Reached skill level 5 in Spellcasting
  7833 | D:6      | Learned a level 5 spell: Fireball
  8075 | D:6      | Reached skill level 8 in Fire Magic
  8201 | D:6      | Found an ornate altar of the Wu Jian Council.
  8245 | D:6      | Found a staircase to the Ecumenical Temple.
  8272 | Temple   | Entered the Ecumenical Temple
  8545 | Temple   | altar
  9477 | D:3      | Killed Agrougrou's ghost
  9696 | D:7      | Found Sojix's Weapon Emporium.
  9951 | D:7      | Found a stormy altar of Qazlal.
  9987 | D:7      | Found a blossoming altar of Fedhas.
  9988 | D:7      | Found a glowing silver altar of Zin.
  9988 | D:7      | Found a bloodstained altar of Trog.
  9988 | D:7      | Found a stormy altar of Qazlal.
  9988 | D:7      | Found a hide-covered altar of Uskayaw.
  9989 | D:7      | Found a sparkling altar of Nemelex Xobeh.
  9991 | D:7      | Found a hazy altar of Hepliaklqana.
  9992 | D:7      | Found a deep blue altar of Sif Muna.
  9993 | D:7      | Found an iron altar of Okawaru.
  9994 | D:7      | Found a radiant altar of Vehumet.
 10000 | D:7      | Became a worshipper of Vehumet
 11090 | D:7      | Found a snail-covered altar of Cheibriados.
 11362 | D:8      | Reached XP level 10. HP: 52/56 MP: 18/18
 11482 | D:8      | Reached * piety under Vehumet
 11482 | D:8      | Offered knowledge of Shock by Vehumet.
 11549 | D:8      | Found a flagged portal.
 11572 | Bailey   | Entered a bailey
 11666 | Bailey   | Noticed an orc knight
 11769 | Bailey   | Noticed an orc knight
 11769 | Bailey   | Noticed an orc knight
 11771 | Bailey   | Noticed an orc knight
 11939 | Bailey   | Slain by an orc knight

Skill      XL: |  1  2  3  4  5  6  7  8  9 10 |
---------------+-------------------------------+-----
Conjurations   | 2 3 4 5 6 |  6.4
Fire Magic     | 4 5 6 7 8 |  8.8
Spellcasting   | 3 4 5 |  5.8
Fighting       | 2 3 4 |  4.0
Maces & Flails | 2 3 |  3.8
Armour         | 2 4 |  4.3
Dodging        | 2 3 |  3.7
Stealth        | |  2.1

Action                   |  1- 3 |  4- 6 |  7- 9 | 10-12 || total
-------------------------+-------+-------+-------+-------++-------
Melee: Unarmed           |    28 |       |       |       ||    28
       Club              |    15 |    43 |   361 |       ||   419
       Whip              |       |    13 |   217 |    18 ||   248
 Cast: Flame Tongue      |    52 |   122 |   145 |    44 ||   363
       Sticky Flame      |       |     6 |    62 |     7 ||    75
       Conjure Flame     |       |     1 |     1 |       ||     2
       Fireball          |       |       |       |     2 ||     2
  Use: Scroll            |       |     8 |     4 |     6 ||    18
       Potion            |       |       |     1 |       ||     1
  Eat: Chunk             |     3 |     5 |    17 |     3 ||    28
       Ration            |       |     1 |     5 |     1 ||     7
Armor: Robe              |    24 |    70 |   371 |    25 ||   490
Dodge: Dodged            |    63 |    94 |   592 |    47 ||   796
